 Dungeon Crawl Stone Soup version 0.27-a0-1248-g57ac2eb73c (webtiles) character file.

Game seed: 15957666180343517306

729 MirrMurr the Covert (level 7, 0/32 HPs)
             Began as a Spriggan Enchanter on June 10, 2021.
             Was an Initiate of Ashenzari.
             Slain by a bullfrog zombie (4 damage)
             ... on level 5 of the Dungeon.
             The game lasted 00:11:26 (6623 turns).

MirrMurr the Covert (Spriggan Enchanter)            Turns: 6623, Time: 00:11:27

Health: 0/32       AC:  3    Str:  8    XL:     7   Next: 44%
Magic:  11/14      EV: 17    Int: 20    God:    Ashenzari [......]
Gold:   248        SH:  0    Dex: 16    Spells: 5/14 levels left

rFire    . . .     SeeInvis +   b - +9 short sword "Spiderbane" {freeze, Will+ Str+2 Int+4}
rCold    . . .     Faith    .   (shield restricted)
rNeg     . . .     Spirit   .   n - +1 robe
rPois    .         Reflect  .   (helmet restricted)
rElec    .         Harm     .   (no cloak)
rCorr    .         Rampage  .   (gloves unavailable)
Will     ++...                  (boots unavailable)
Stlth    ++++......             (no amulet)
HPRegen  0.10/turn              (no ring)
MPRegen  0.14/turn              (no ring)

@: confusing by touch, very quick
A: very small, no large weapons, unfitting armour, see invisible, speed 3
a: Renounce Religion, Curse Item


You were on level 5 of the Dungeon.
You worshipped Ashenzari.
Ashenzari was noncommittal.
You visited 1 branch of the dungeon, and saw 5 of its levels.

You collected 248 gold pieces.

Inventory:

Hand Weapons
 a - a +0 dagger of draining
 b - the +9 short sword "Spiderbane" (weapon) {freeze, Will+ Str+2 Int+4}
   (You found it on level 4 of the Dungeon)

   It has been specially enchanted to freeze those struck by it, causing extra
   injury to most foes and up to half again as much damage against particularly
   susceptible opponents.
   It can also slow down cold-blooded creatures.
   It affects your strength (+2).
   It affects your intelligence (+4).
   It increases your willpower.
 w - a +1 dagger
Missiles
 c - 10 sling bullets
 d - 74 stones
Armour
 m - a +0 cloak
 n - a +1 robe (worn)
Jewellery
 o - an amulet of the acrobat
 p - a +6 ring of dexterity
Wands
 h - a wand of polymorph (4)
Scrolls
 e - a scroll of enchant weapon
 f - a scroll of magic mapping
Potions
 i - 2 potions of degeneration
 j - a potion of cancellation
 k - a potion of resistance
 l - a potion of might


   Skills:
 - Level 5.0 Short Blades
 - Level 2.6 Dodging
 - Level 8.0 Stealth
 - Level 4.0 Spellcasting
 * Level 6.8 Hexes


You had 5 spell levels left.
You knew the following spells:

 Your Spells              Type           Power      Damage    Failure   Level
a - Ensorcelled Hibernat  Hex/Ice        34%        N/A       4%          2
b - Confusing Touch       Hex            31%        N/A       2%          3
c - Tukima's Dance        Hex            31%        N/A       2%          3
C - Corona                Hex            34%        N/A       1%          1

Your spell library contained the following spells:

 Spells                   Type           Power      Damage    Failure   Level
 Dazzling Flash           Conj/Hex       34%        N/A       10%         3


Dungeon Overview and Level Annotations

Branches:
Dungeon (5/15)
 Temple: D:4-7

Altars:
Ashenzari


Innate Abilities, Weirdness & Mutations

You are very small and have problems with some larger weapons.
You are too small for most types of armour.
You have supernaturally acute eyesight. (SInv)
You cover ground extremely quickly. (Speed+++)


Message History

The bullfrog zombie hits you.
You hit the bullfrog zombie.
The bullfrog zombie is severely damaged.
The orc shouts!
The bullfrog zombie hits you.
You hit the bullfrog zombie.
The bullfrog zombie is almost destroyed.
The bullfrog zombie completely misses you.
You hit the bullfrog zombie but do no damage.
The bullfrog zombie is almost destroyed.
The bullfrog zombie hits you.
You are too injured to fight recklessly!
You are too injured to fight recklessly!
You are too injured to fight recklessly!
You hit the orc but do no damage. The bullfrog zombie barely misses you.
The orc hits you with a +0 flail.
* * * LOW HITPOINT WARNING * * *
You hit the orc. You freeze the orc.
You kill the orc!
The bullfrog zombie hits you.
* * * LOW HITPOINT WARNING * * *
The bullfrog zombie completely misses you.
Things that are here:
a +0 flail; a +0 scale mail; an orc corpse
Casting: Confusing Touch (dangerous; 2% risk of failure)
Confirm with . or Enter, or press ? or * to list all spells.
Your hands begin to glow red.
The bullfrog zombie misses you.
The bullfrog zombie hits you but does no damage.
You hit the bullfrog zombie but do no damage.
The bullfrog zombie is almost destroyed.
The bullfrog zombie closely misses you.
You feel better. The bullfrog zombie hits you.
* * * LOW HITPOINT WARNING * * *
You hit the bullfrog zombie but do no damage.
The bullfrog zombie is almost destroyed.
The bullfrog zombie barely misses you.
You barely miss the bullfrog zombie.
The bullfrog zombie is almost destroyed.
The bullfrog zombie closely misses you. The bullfrog zombie hits you.
You die...

#..............###.†....
#...........?......####.
#..............##### #.
#..............# #.
#.....#####....# #.
#....##...##...# #.
#....#?..$.##### ##.
####.#..#...... #..
#.#.@Z..# #.. #.##...##
##. #.###.## ##. #..##.#
#.. ##..'.# #...# ####.#
#.### #.# ## # ... #
.... ###


You could see a bullfrog zombie.

Vanquished Creatures
  Sigmund (D:2)
  A scorpion (D:4)
  A hound (D:5)
  2 jellies
  2 bullfrog skeletons (D:4)
  Jessica (D:2)
  Terence (D:2)
  4 orc wizards
  A killer bee zombie (D:4)
  A hound skeleton (D:4)
  6 gnolls
  2 adders
  2 worms
  A dart slug (D:1)
  7 orcs
  7 endoplasms
  3 giant cockroaches
  8 goblins
  9 hobgoblins
  7 jackals
  3 quokkas
  8 ball pythons
  6 bats
  7 frilled lizards
  2 jackal skeletons (D:4)
  3 kobolds (D:1)
  5 rats
101 creatures vanquished.

Notes
Turn   | Place    | Note
-------+----------+-------------------------------------------
     0 | D:1      | MirrMurr the Spriggan Enchanter began the quest for the
                  | Orb.
     0 | D:1      | Reached XP level 1. HP: 9/9 MP: 5/5
   314 | D:1      | Reached XP level 2. HP: 10/13 MP: 6/6
   506 | D:1      | Learned a level 2 spell: Ensorcelled Hibernation
   553 | D:1      | Reached skill level 5 in Stealth
  1842 | D:1      | Reached XP level 3. HP: 16/16 MP: 8/8
  1849 | D:1      | Learned a level 3 spell: Confusing Touch
  2437 | D:2      | Noticed Terence
  2449 | D:2      | Killed Terence
  2450 | D:2      | Reached skill level 6 in Stealth
  2478 | D:2      | Noticed Sigmund
  2630 | D:2      | Reached XP level 4. HP: 21/21 MP: 9/9
  2679 | D:2      | Killed Sigmund
  2680 | D:2      | Reached skill level 7 in Stealth
  2680 | D:2      | Reached XP level 5. HP: 24/24 MP: 5/10
  2778 | D:2      | Found a broken altar of Ashenzari.
  2783 | D:2      | Became a worshipper of Ashenzari the Shackled
  2799 | D:2      | Noticed Jessica
  2811 | D:2      | Killed Jessica
  2983 | D:3      | Reached skill level 8 in Stealth
  3084 | D:3      | Reached XP level 6. HP: 23/28 MP: 4/11
  3368 | D:3      | Reached skill level 5 in Short Blades
  3384 | D:3      | Learned a level 3 spell: Tukima's Dance
  4416 | D:4      | Identified the +9 short sword "Spiderbane" {freeze, Will+
                  | Str+2 Int+4}
  5197 | D:4      | Reached skill level 5 in Hexes
  5393 | D:4      | Reached XP level 7. HP: 30/32 MP: 13/13
  6219 | D:5      | Entered Level 5 of the Dungeon
  6623 | D:5      | Slain by a bullfrog zombie

Illustrated notes

Levels and vault maps discovered:
D:1:      dpeg_arrival_simpleton_c, layout_basic
D:2:      layout_rooms, basic_altar, wad_floor_pattern_2, uniq_sigmund,
          uniq_terence, uniq_jessica
D:3:      layout_basic, grunt_ministairs_10
D:4:      layout_rooms, serial_corexii_hall, chequers_hall_statues_corner_a,
          chequers_hall_statues_wall_a, chequers_hall_statues_corner_a,
          chequers_hall_statues_wall_a, corexii_hall_statues_deadend,
          corexii_hall_statues_i, eino_tiny_chamber
D:5:      minmay_octagon_keep, layout_rooms

Skill      XL: |  1  2  3  4  5  6  7 |
---------------+----------------------+-----
Stealth        | 5 6 7 8 |  8.0
Short Blades   | 2 3 4 5 |  5.0
Hexes          | 5 6 |  6.8
Spellcasting   | 3 4 |  4.0
Dodging        | |  2.6

Action                   |  1- 3 |  4- 6 |  7- 9 || total
-------------------------+-------+-------+-------++-------
Melee: Dagger            |   121 |   160 |    51 ||   332
       Short sword       |       |       |    27 ||    27
 Cast: Ensorcelled Hiber |    11 |    21 |     5 ||    37
       Confusing Touch   |       |       |     2 ||     2
  Use: Scroll            |       |     1 |       ||     1
       Potion            |       |       |     1 ||     1
 Stab: Sleeping          |    12 |    14 |     4 ||    30
       Distracted        |     1 |     1 |       ||     2
       Confused          |       |       |     1 ||     1
Armor: Robe              |     6 |    17 |    10 ||    33
Dodge: Dodged            |    75 |   112 |    34 ||   221

Table legend: (Time is in decaauts)
 A = Elapsed time spent in this place.
 B = Non-inter-level travel time spent in this place.
 C = Inter-level travel time spent in this place.
 D = Time resting spent in this place.
 E = Time spent auto-exploring this place.
 F = Levels seen in this place.
 G = Mean time per level.
                   A        B        C        D        E       F      G
               +--------+--------+--------+--------+--------+-----+--------+
         Total |   5358 |   5210 |    148 |   1592 |   2772 |   5 | 1071.6 |
       Dungeon |   5358 |   5210 |    148 |   1592 |   2772 |   5 | 1071.6 |
               +--------+--------+--------+--------+--------+-----+--------+

Top non-repeatable levels by time:
     D:1: 1810 daAuts
     D:3: 1351 daAuts
     D:4: 1166 daAuts
     D:2: 707 daAuts
     D:5: 322 daAuts
